 Dungeon Crawl Stone Soup version 0.30-a0-390-g80c34de65d (webtiles) character file.

Game seed: 15748998536434754019

1617 arthad the Trooper (level 8, -1/38 (43) HPs)
             Began as a Vine Stalker Berserker on Dec 4, 2022.
             Was a Priest of Trog.
             Slain by a wight
             ... wielding a +7 battleaxe
              (5 damage)
             ... on level 5 of the Dungeon.
             The game lasted 00:09:55 (3453 turns).

arthad the Trooper (Vine Stalker Berserker)         Turns: 3453, Time: 00:09:56

HP:   -1/38 (43)    AC:  7    Str: 23    XL:     8   Next: 96%
MP:   0/9           EV: 13    Int:  7    God:    Trog [***...]
Gold: 170           SH:  0    Dex: 13    Spells: 7/7 levels left

rFire   + . .      SeeInvis .    F - +3 battleaxe (vorpal)
rCold   . . .      Faith    .    (shield currently unavailable)
rNeg    . . .      Spirit   +    t - +1 leather armour of Spite {rF+}
rPois   .          Reflect  .    m - +0 helmet
rElec   .          Harm     .    (no cloak)
rCorr   +          Rampage  .    (no gloves)
Will    +++..                    q - +1 pair of boots
Stlth   +.........               n - amulet of magic regeneration
HPRegen 2.06/turn                h - ring of resist corrosion
MPRegen 0.51/turn                (no ring)

@: strong-willed, regenerating, heavily drained
A: fangs 3, regeneration 1, magic shield, antimagic bite, no potion heal 2
a: Renounce Religion, Berserk, Trog's Hand


You were on level 5 of the Dungeon.
You worshipped Trog.
Trog was most pleased with you.
You visited 1 branch of the dungeon, and saw 6 of its levels.

You collected 226 gold pieces.
You spent 56 gold pieces at shops.

Inventory:

Hand Weapons
 a - a +0 hand axe
 u - the +10 sling of Outrage {drain, rPois Will- Str+2 SInv}
   (You found it on level 3 of the Dungeon)

   A truly terrible weapon, it drains the life of any living foe it strikes.
   Str:       It affects your strength (+2).
   rPois:     It protects you from poison.
   SInv:      It lets you see invisible.
   Will:      It decreases your willpower.
 w - a +1 rapier of holy wrath
 F - a +3 vorpal battleaxe (weapon)
Missiles
 A - 7 poisoned darts
Armour
 b - a +0 animal skin
 i - a +1 robe of the Archmagi
 m - a +0 helmet (worn)
 q - a +1 pair of boots (worn)
 t - the +1 leather armour of Spite (worn) {rF+}
   (You found it on level 3 of the Dungeon)

   rF:        It protects you from fire.
 x - a +0 pair of gloves
Jewellery
 h - a ring of resist corrosion (left hand)
 n - an amulet of magic regeneration (around neck)
Wands
 j - a wand of flame (15)
Scrolls
 c - 2 scrolls of teleportation
 e - a scroll of blinking
 f - 6 scrolls of identify {unknown}
 g - 3 scrolls of magic mapping {unknown}
 r - a scroll of summoning {unknown}
 s - 3 scrolls of immolation {unknown}
 y - a scroll of vulnerability {unknown}
 B - a scroll of enchant weapon {unknown}
 D - a scroll of noise {unknown}
Potions
 d - a potion of lignification {unknown}
 k - a potion of mutation {unknown}
 l - 2 potions of resistance {unknown}
 o - a potion of might
 p - 3 potions of curing {unknown}
 v - a potion of haste {unknown}
 z - 2 potions of degeneration {unknown}
 C - a potion of berserk rage {unknown}
 E - a potion of ambrosia {unknown}


   Skills:
 + Level 5.2 Fighting
 + Level 5.2 Axes
 * Level 4.0 Ranged Weapons
 + Level 4.3 Armour
 + Level 4.3 Dodging


You had 7 spell levels left.
You didn't know any spells.
Your spell library contained the following spells:

 Spells                   Type           Power      Damage    Failure   Level
 Apportation              Tloc           0%         N/A       47%         1
 Necrotise                Necr           0%         1d4       47%         1
 Shock                    Conj/Air       0%         1d3       47%         1
 Hailstorm                Conj/Ice       0%         3d3       85%         3
 Swiftness                Air            0%         N/A       85%         3
 Vampiric Draining        Necr           0%         2d6       85%         3
 Airstrike                Air            0%         2d(0-16)  99%         4
 Anguish                  Hex/Necr       0%         N/A       99%         4
 Ice Form                 Ice/Tmut       0%         N/A       99%         4
 Agony                    Necr           0%         N/A       100%        5
 Alistair's Intoxication  Tmut/Pois      0%         N/A       100%        5
 Simulacrum               Ice/Necr       0%         N/A       100%        6
 Enfeeble                 Hex            0%         N/A       100%        7


Dungeon Overview and Level Annotations

Branches:
Dungeon (6/15)
 Temple: D:4-7

Altars:
Ashenzari
Dithmenos
Elyvilon
Gozag
Okawaru
Qazlal
Uskayaw
Xom

Shops:
D:2 *

Annotations:
D:2 1 runed translucent door, Crazy Yiuf


Innate Abilities, Weirdness & Mutations

You have razor-sharp teeth.
Your natural rate of healing is unusually fast.
When hurt, damage is shared between your health and your magic reserves.
Your bite disrupts and absorbs the magic of your enemies.
Potions cannot restore your health.


Message History

The wight is severely damaged.
A wight comes into view. It is wielding a +3 scimitar.
The wight misses you. The wight barely misses you.
The wight hits you with a +3 flail of freezing.
You feel drained. The wight freezes you.
The wight hits you with a +7 battleaxe!
You feel drained. The wight closely misses you.
You climb upwards.
There is a stone staircase leading down here.
F - a +3 vorpal battleaxe (weapon)
Unknown command.
You hit the wight. Your bite misses the wight.
The wight is almost destroyed.
You hit the wight. You barely miss the wight.
The wight hits you with a +3 short sword!
You feel drained. The wight barely misses you.
The wight hits you with a +3 flail of freezing.
You feel drained. The wight freezes you.
The wight hits you with a +3 short sword.
The wight hits you with a +7 battleaxe!
The wight hits you with a +3 flail of freezing!
* * * LOW HITPOINT WARNING * * *
You feel drained. The wight freezes you.
* * * LOW HITPOINT WARNING * * *
You slice the wight!!
You destroy the wight!
Trog accepts your kill.
You hit the wight. You slash the wight!
The wight hits you with a +3 short sword.
* * * LOW HITPOINT WARNING * * *
You feel drained.
* * * LOW HITPOINT WARNING * * *
The wight closely misses you.
Your Ranged Weapons skill increases to level 4!
Unknown command.
Unknown command.
Your skin crawls.
You feel strong-willed. The wight barely misses you.
The wight hits you with a +7 battleaxe!
You die...

#........#.............#....#.##
###...<...##.#.........###.###.).
#.....##.###......########.# ###.
....####..#................# #.
#.................#######..# #.
#.......#.........##..####)#####.
#.................##..##...#.#.#.
##.........#.....z###'##.........
#...>..######..@..............##
#.......# #..z)..........)..##
#.......### ####.............###
#.........###..#.).............#
#......#........)....).......#..
##.....#...#.#.............#.#..
###........#.##...........##..#.
#........#...##......<........##
##..##...#.#....................


You could see 2 wights.

Vanquished Creatures
  Sigmund (D:2)
  A yak (D:5)
  A sky beast (D:6)
  An ice beast (D:3)
  2 ogres (D:5)
  A centaur (D:5)
  A phantom (D:5)
  Blork the orc (D:5)
  2 scorpions
  A wight (D:5)
  2 hounds (D:5)
  A gnoll bouda (D:5)
  Jessica (D:2)
  5 iguanas
  2 orc wizards
  Robin (D:2)
  14 gnolls (D:5)
  3 adders
  2 ufetubi (D:5)
  A dart slug (D:1)
  11 orcs
  2 endoplasms
  5 giant cockroaches
  23 goblins
  4 hobgoblins
  2 jackals (D:5)
  13 kobolds
  3 quokkas
  7 ball pythons
  3 bats
  3 frilled lizards
  2 rats (D:1)
122 creatures vanquished.

Notes
Turn   | Place    | Note
-------+----------+-------------------------------------------
     0 | D:1      | arthad the Vine Stalker Berserker began the quest for the
                  | Orb.
     0 | D:1      | Reached XP level 1. HP: 11/11 MP: 2/2
    11 | D:1      | Found a faded altar of an unknown god.
   202 | D:1      | Reached XP level 2. HP: 14/16 MP: 3/3
   579 | D:1      | Reached ** piety under Trog
   671 | D:1      | Reached XP level 3. HP: 20/20 MP: 4/4
   806 | D:2      | Noticed Jessica
   821 | D:2      | Killed Jessica
   855 | D:2      | Found a runed translucent door.
   856 | D:2      | Noticed Crazy Yiuf
   930 | D:2      | Noticed Robin
   934 | D:2      | Gained mutation: Your natural rate of healing is unusually
                  | fast. [Vine Stalker growth]
   934 | D:2      | Reached XP level 4. HP: 24/24 MP: 2/5
   944 | D:2      | Killed Robin
  1025 | D:2      | Found Jiug's General Store.
  1033 | D:2      | Bought a potion of might for 56 gold pieces
  1038 | D:2      | Found a shimmering altar of Xom.
  1039 | D:2      | Noticed Sigmund
  1066 | D:2      | Killed Sigmund
  1067 | D:2      | Reached XP level 5. HP: 28/29 MP: 3/6
  1067 | D:2      | Reached XP level 6. HP: 32/33 MP: 3/7
  1829 | D:3      | Noticed an ice beast
  1851 | D:3      | Killed an ice beast
  2028 | D:3      | Identified the +1 leather armour of Spite {rF+}
  2061 | D:3      | Identified the +10 sling of Outrage {drain, rPois Will-
                  | Str+2 SInv}
  2390 | D:4      | Reached XP level 7. HP: 37/37 MP: 8/8
  2457 | D:4      | Found a stormy altar of Qazlal.
  2492 | D:4      | Found a shadowy altar of Dithmenos.
  2696 | D:4      | Found a shimmering altar of Xom.
  2751 | D:5      | Entered Level 5 of the Dungeon
  2756 | D:5      | Reached skill level 1 in Ranged Weapons
  2789 | D:5      | Reached *** piety under Trog
  2816 | D:5      | Gained mutation: You have razor-sharp teeth. [Vine Stalker
                  | growth]
  2816 | D:5      | Reached XP level 8. HP: 42/42 MP: 9/9
  2820 | D:5      | Found a broken altar of Ashenzari.
  2821 | D:5      | Found an iron altar of Okawaru.
  2823 | D:5      | Found a hide-covered altar of Uskayaw.
  2824 | D:5      | Found a white marble altar of Elyvilon.
  2883 | D:5      | Found an opulent altar of Gozag.
  3264 | D:5      | Reached skill level 5 in Fighting
  3309 | D:6      | Reached skill level 5 in Axes
  3353 | D:6      | Noticed a yak
  3353 | D:6      | Noticed a yak
  3354 | D:6      | Noticed a yak
  3354 | D:6      | Noticed a yak
  3355 | D:6      | Noticed a yak
  3359 | D:6      | Noticed a yak
  3376 | D:5      | Killed a yak
  3404 | D:6      | Noticed Blork the orc
  3416 | D:5      | Killed Blork the orc
  3453 | D:5      | Slain by a wight

Illustrated notes

Levels and vault maps discovered:
D:1:      amcnicky_arrival_choice, layout_loops_cross,
          hellmonk_ecumenical_altar_lost_god
D:2:      layout_basic, serial_shops, nicolae_shop_hallway_plus, basic_altar,
          uniq_crazy_yiuf_cottage, uniq_sigmund, uniq_robin, uniq_jessica
D:3:      layout_basic
D:4:      layout_cave_pools, nicolae_qazlal_scattered_showers,
          kennysheep_mini_moat, tgw_xom, nicolae_elevator_lobby_asterisk
D:5:      layout_cave_pools, chequers_temple_overflow_statue_of_worship,
          grunt_gozag_breadcrumbs, corexii_checkpoint_a, grunt_ministairs_1
D:6:      layout_rooms, gammafunk_ghost_hive, minmay_shop_damaged,
          grunt_ministairs_9, minmay_misc_feat_tiny, uniq_blork_the_orc

Skill      XL: |  1  2  3  4  5  6  7  8 |
---------------+-------------------------+-----
Fighting       | 3 4 5 |  5.2
Axes           | 3 4 5 |  5.2
Armour         | 2 3 4 |  4.3
Dodging        | 2 3 4 |  4.3
Ranged Weapons | 1 4 |  4.0

Action                   |  1- 3 |  4- 6 |  7- 9 || total
-------------------------+-------+-------+-------++-------
Melee: Hand axe          |    74 |   118 |       ||   192
       Bite              |    11 |    26 |       ||    37
       Battleaxe         |       |       |     2 ||     2
 Fire: Sling             |       |    12 |   143 ||   155
Invok: Trog's Hand       |     1 |     2 |     3 ||     6
       Berserk           |     1 |     2 |       ||     3
  Use: Potion            |       |     1 |       ||     1
       Scroll            |       |       |     3 ||     3
Armor: Animal skin       |     5 |       |       ||     5
       Robe              |     9 |    32 |       ||    41
       Leather armour    |       |       |    12 ||    12
Dodge: Dodged            |    44 |    70 |    68 ||   182

Table legend: (Time is in decaauts)
 A = Elapsed time spent in this place.
 B = Non-inter-level travel time spent in this place.
 C = Inter-level travel time spent in this place.
 D = Time resting spent in this place.
 E = Time spent auto-exploring this place.
 F = Levels seen in this place.
 G = Mean time per level.
                   A        B        C        D        E       F      G
               +--------+--------+--------+--------+--------+-----+--------+
         Total |   3544 |   3327 |    217 |     65 |   2404 |   6 |  590.7 |
       Dungeon |   3544 |   3327 |    217 |     65 |   2404 |   6 |  590.7 |
               +--------+--------+--------+--------+--------+-----+--------+

Top non-repeatable levels by time:
     D:2: 829 daAuts
     D:1: 792 daAuts
     D:3: 700 daAuts
     D:5: 650 daAuts
     D:4: 478 daAuts
     D:6: 93 daAuts
